[Event "Titled Tuesday Blitz May 9 Late 2023"]
[White "Hjartarson, Johann"]
[Black "Rorrer, Grayson"]
[WhiteFideId "2300044"]
[BlackFideId "30944996"]
[WhiteElo "2407"]
[BlackElo "2200"]
[Result "1-0"]
[Round "08"]
[TimeControl "180+2"]
[Date "2023.05.09"]
[WhiteClock "0:00:37"]
[BlackClock "0:00:02"]

1. e4 c6 2. d4 d5 3. e5 c5 4. dxc5 Nc6 5. Nf3 Bg4 6. Be2 e6 7. Nbd2 Bxc5 8. O-O Nge7 9. Nb3 Bb6 10. a4 O-O 11. Bd2 Bxf3 12. Bxf3 Nxe5 13. Be2 a6 14. Kh1 Nf5 15. Bc3 Nc6 16. Bd3 Nd6 17. Qf3 Qg5 18. a5 Ba7 19. Ra4 Ne5 20. Qh3 Ng6 21. f4 Qh4 22. Qf3 Qe7 23. f5 Nxf5 24. Bxf5 exf5 25. Qxd5 Qe6 26. Qxf5 Rfe8 27. Qf3 Rab8 28. Nd4 Qd7 29. b3 Ne5 30. Qg3 Rbc8 31. Nf5 g6 32. Nh6+ Kg7 1-0


[Site "https://www.chess.com"]

[Event "Titled Tuesday Blitz May 9 Late 2023"]
[White "Seemann, Jakub"]
[Black "Schmakel, Sam"]
[WhiteFideId "21874697"]
[BlackFideId "2039311"]
[WhiteElo "2364"]
[BlackElo "2356"]
[Result "1-0"]
[Round "08"]
[TimeControl "180+2"]
[Date "2023.05.09"]
[WhiteClock "0:00:15"]
[BlackClock "0:00:01"]

1. d4 d5 2. c4 e6 3. Nf3 c6 4. g3 dxc4 5. Bg2 b5 6. O-O Bb7 7. b3 cxb3 8. Qxb3 Nd7 9. a4 b4 10. Rd1 a5 11. Ne5 Nxe5 12. dxe5 Qc7 13. Nd2 Ne7 14. Nc4 Ng6 15. Nd6+ Bxd6 16. exd6 Qd7 17. h4 O-O 18. h5 Ne5 19. h6 gxh6 20. Bxh6 Rfd8 21. Qe3 f6 22. Qc5 Qf7 23. Bf4 Nd7 24. Qc2 Rab8 25. Rac1 c5 26. Bh3 e5 27. Be3 Rbc8 28. Qc4 Qxc4 29. Rxc4 Kf7 30. Bf5 Rc6 31. f3 b3 32. Rb1 Rb6 33. Kf2 Bd5 34. Rh4 Nf8 35. Bxc5 Rbxd6 36. Bxd6 Rxd6 37. Bd3 Rb6 38. Bc4 Bxc4 39. Rxc4 Ne6 40. e3 Kg6 41. Rc3 Rb4 42. Rcxb3 Rxa4 43. g4 h5 44. gxh5+ Kxh5 45. Rb8 Ng5 46. Rg8 Kh4 47. Rh8+ 1-0


[Site "https://www.chess.com"]

[Event "Titled Tuesday Blitz May 9 Late 2023"]
[White "Bryakin, Mikhail"]
[Black "Annaberdiyev, Meylis"]
[WhiteFideId "4165314"]
[BlackFideId "14000563"]
[WhiteElo "2467"]
[BlackElo "2416"]
[Result "0-1"]
[Round "08"]
[TimeControl "180+2"]
[Date "2023.05.09"]
[WhiteClock "0:00:19"]
[BlackClock "0:00:17"]

1. e4 c5 2. Nf3 Nc6 3. Bb5 d6 4. O-O Bd7 5. c3 Nf6 6. Re1 a6 7. Ba4 b5 8. Bc2 Bg4 9. h3 Bxf3 10. Qxf3 Nd7 11. d3 g6 12. Bf4 Bg7 13. Nd2 O-O 14. Rab1 b4 15. cxb4 Nxb4 16. Bb3 Nc6 17. Qd1 Rb8 18. Bc4 a5 19. b3 Nde5 20. Nf3 Nxf3+ 21. Qxf3 Qd7 22. h4 a4 23. h5 axb3 24. axb3 Nd4 25. Qd1 e6 26. Be3 d5 27. Ba6 Rb6 28. b4 Rxa6 29. bxc5 dxe4 30. dxe4 e5 31. Rc1 Rc6 32. Qa4 gxh5 33. Red1 Rfc8 34. Rc4 Qg4 35. Rb1 Rg6 36. g3 Qxe4 37. Rd1 h4 38. Qd7 Nf3+ 39. Kg2 Ne1+ 40. Kf1 Qxc4+ 41. Kxe1 Rf8 42. Rc1 Qb4+ 43. Ke2 hxg3 44. c6 g2 45. f3 Qb2+ 46. Kd3 Qxc1 47. Bxc1 g1=Q 48. Be3 Qd1+ 49. Ke4 Qxd7 50. cxd7 Rd6 0-1


[Site "https://www.chess.com"]

[Event "Titled Tuesday Blitz May 9 Late 2023"]
[White "Prohaszka, Peter"]
[Black "Subelj, Jan"]
[WhiteFideId "726265"]
[BlackFideId "14618583"]
[WhiteElo "2626"]
[BlackElo "2474"]
[Result "1/2-1/2"]
[Round "08"]
[TimeControl "180+2"]
[Date "2023.05.09"]
[WhiteClock "0:00:02"]
[BlackClock "0:00:22"]

1. d4 Nf6 2. c3 b6 3. Bg5 Bb7 4. Nd2 e6 5. Ngf3 Be7 6. e3 h6 7. Bh4 d6 8. Bd3 Nbd7 9. a4 a6 10. Qb1 g5 11. Bg3 Nh5 12. e4 g4 13. Ng1 Bg5 14. Ne2 Bxd2+ 15. Kxd2 Qg5+ 16. Kd1 f5 17. exf5 Bxg2 18. Rg1 Bf3 19. fxe6 Nf8 20. Be4 O-O-O 21. Bxf3 gxf3 22. Nc1 Nxe6 23. Qe4 Kd7 24. Nd3 Rhf8 25. Kc2 Qf5 26. Rae1 Qxe4 27. Rxe4 Rf5 28. Rge1 Re8 29. c4 Nf6 30. Rh4 Rh5 31. Kc3 Rxh4 32. Bxh4 Nh5 33. d5 Nef4 34. Rxe8 Kxe8 35. Nxf4 Nxf4 36. Bg3 Ne2+ 37. Kd3 a5 38. Ke4 Nc1 39. Kxf3 Nd3 40. Kg4 Nxb2 41. Kh5 Nxa4 42. Kg6 Nb2 43. f4 a4 44. Kg7 a3 45. f5 a2 46. f6 a1=Q 47. f7+ Kd7 48. f8=Q Nxc4+ 49. Kg8 Qb1 50. Bh4 Qg1+ 51. Kh8 Qa1+ 52. Kh7 Qb1+ 53. Kh8 Qa1+ 54. Kg8 Qg1+ 55. Kh7 Qb1+ 56. Kh8 Qa1+ 1/2-1/2


[Site "https://www.chess.com"]

[Event "Titled Tuesday Blitz May 9 Late 2023"]
[White "Kourkoulos-Arditis, Stamatis"]
[Black "Timmermans, Mark"]
[WhiteFideId "4221990"]
[BlackFideId "1026399"]
[WhiteElo "2400"]
[BlackElo "2460"]
[Result "0-1"]
[Round "08"]
[TimeControl "180+2"]
[Date "2023.05.09"]
[WhiteClock "0:00:03"]
[BlackClock "0:01:10"]

1. Nf3 Nf6 2. g3 e6 3. Bg2 d5 4. O-O Be7 5. b3 O-O 6. Bb2 c5 7. e3 Nc6 8. Ne5 Nxe5 9. Bxe5 Nd7 10. Bb2 b5 11. Nc3 a6 12. Ne2 Bb7 13. c4 Nb6 14. d3 Qd7 15. cxd5 Bxd5 16. e4 Bb7 17. Qc2 Rfd8 18. Rad1 Rac8 19. Qb1 Qc7 20. Bc3 c4 21. bxc4 bxc4 22. Ba5 cxd3 23. Bxb6 dxe2 24. Rxd8+ Bxd8 25. Bxc7 exf1=Q+ 26. Bxf1 Rxc7 27. h4 Rd7 28. Qc2 Be7 29. Qa4 Rd6 30. Qe8+ Bf8 31. Qb8 Bxe4 32. Bg2 Bxg2 33. Kxg2 Rd5 34. Qa8 Ra5 35. g4 Rxa2 36. g5 a5 37. h5 g6 38. h6 a4 39. Kf3 a3 40. Ke3 Ra1 41. Kf3 Rg1 42. Kf4 e5+ 43. Kxe5 Rxg5+ 44. Ke4 Rh5 45. f4 Rxh6 46. f5 gxf5+ 47. Kxf5 Rg6 48. Kf4 h5 49. Qa5 h4 50. Ke3 h3 0-1


[Site "https://www.chess.com"]

[Event "Titled Tuesday Blitz May 9 Late 2023"]
[White "Mortazavi, Ali"]
[Black "Lavrik, Dmitry"]
[WhiteFideId "401323"]
[BlackFideId "24113190"]
[WhiteElo "2339"]
[BlackElo "2345"]
[Result "1-0"]
[Round "08"]
[TimeControl "180+2"]
[Date "2023.05.09"]
[WhiteClock "0:00:52"]
[BlackClock "0:00:14"]

1. Nf3 c5 2. g3 Nc6 3. Bg2 e5 4. d3 d5 5. O-O Be7 6. e4 d4 7. Nbd2 g5 8. Nc4 f6 9. a4 h5 10. c3 Be6 11. cxd4 cxd4 12. a5 Nh6 13. Bd2 Nf7 14. Qa4 Qd7 15. b4 h4 16. Rfc1 hxg3 17. fxg3 Kf8 18. b5 Ncd8 19. Bb4 Bxb4 20. Qxb4+ Kg7 21. Ra2 Rc8 22. Rf2 Bh3 23. Bxh3 Qxh3 24. Rcf1 Ne6 25. Nfxe5 Rxc4 26. Qe7 1-0


[Site "https://www.chess.com"]

[Event "Titled Tuesday Blitz May 9 Late 2023"]
[White "Rodriguez Fontecha, Marcos"]
[Black "Bjelobrk, Igor"]
[WhiteFideId "2256576"]
[BlackFideId "4300726"]
[WhiteElo "2249"]
[BlackElo "2319"]
[Result "0-1"]
[Round "08"]
[TimeControl "180+2"]
[Date "2023.05.09"]
[WhiteClock "0:00:50"]
[BlackClock "0:01:05"]

1. d4 e6 2. Bf4 d5 3. e3 Bd6 4. Qg4 Qf6 5. Nh3 Nc6 6. Bg5 Qg6 7. Bd3 f5 8. Qf3 Nf6 9. c3 Ne4 10. Bf4 O-O 11. Nd2 e5 12. dxe5 Nxe5 13. Bxe5 Bxe5 14. g3 c6 15. Nf4 Qh6 16. O-O-O g5 17. Ne2 Bd7 18. Qg2 Bg7 19. Nxe4 fxe4 20. Bxe4 Bh3 21. Bxd5+ Kh8 22. Qe4 cxd5 23. Qxd5 Rxf2 24. Qxb7 Raf8 25. Rd2 Bg2 0-1


[Site "https://www.chess.com"]

[Event "Titled Tuesday Blitz May 9 Late 2023"]
[White "Hnydiuk, Aleksander"]
[Black "Grigoriants, Sergey"]
[WhiteFideId "1109057"]
[BlackFideId "4130804"]
[WhiteElo "2374"]
[BlackElo "2502"]
[Result "0-1"]
[Round "08"]
[TimeControl "180+2"]
[Date "2023.05.09"]
[WhiteClock "0:00:00"]
[BlackClock "0:00:12"]

1. e4 e6 2. d4 d5 3. Nc3 Nf6 4. Bg5 h6 5. Bxf6 Qxf6 6. Nf3 Bb4 7. Qd3 dxe4 8. Qxe4 Qf5 9. Qxf5 Bxc3+ 10. bxc3 exf5 11. O-O-O O-O 12. Bd3 Nc6 13. Rhe1 Rd8 14. c4 g6 15. h4 Nxd4 16. Nxd4 Rxd4 17. Re8+ Kg7 18. Be2 Re4 19. Rdd8 Bd7 20. Rg8+ Kf6 21. Rxa8 Rxe2 22. Rgd8 Ke7 23. Rdb8 Bc6 24. Rxa7 Rxf2 25. g3 Rg2 26. Ra3 g5 27. Rh8 gxh4 28. gxh4 f4 29. Rxh6 Be4 30. Rh5 f5 31. Rg5 Rxc2+ 32. Kd1 Rh2 33. h5 f3 34. Ke1 Kf6 35. Rg6+ Ke5 36. h6 Kf4 37. Kf1 c5 38. Rb3 Ke5 39. a4 Kd4 40. a5 Kxc4 41. Ra3 Kd4 42. Kg1 Rh3 43. Kf2 c4 44. a6 bxa6 45. Raxa6 Rh2+ 46. Kg3 f2 47. Ra1 Rg2+ 0-1


[Site "https://www.chess.com"]

[Event "Titled Tuesday Blitz May 9 Late 2023"]
[White "Gorshtein, Ido"]
[Black "Peng, Li Min"]
[WhiteFideId "2815532"]
[BlackFideId "14112620"]
[WhiteElo "2415"]
[BlackElo "2436"]
[Result "0-1"]
[Round "08"]
[TimeControl "180+2"]
[Date "2023.05.09"]
[WhiteClock "0:00:00"]
[BlackClock "0:00:04"]

1. Nf3 d5 2. c4 e6 3. d4 Nf6 4. Nc3 dxc4 5. e4 b5 6. e5 Nd5 7. Nxb5 Nb6 8. Be2 Be7 9. O-O Nc6 10. Qd2 O-O 11. Qf4 Rb8 12. Nc3 Bb7 13. Qg3 Kh8 14. Rd1 f5 15. exf6 Bxf6 16. Bg5 Nb4 17. h4 Bxf3 18. Bxf3 Nc2 19. Rac1 Nxd4 20. Be4 c5 21. Qg4 Bxg5 22. hxg5 g6 23. g3 Qe7 24. Kg2 Kg8 25. Rh1 Rf7 26. Rh6 Rbf8 27. Rf1 Nf5 28. Rhh1 Qd6 29. Bb1 Qd2 30. Qe2 Qxe2 31. Nxe2 e5 32. Nc3 Nd4 33. Ne4 Na4 34. Nf6+ Rxf6 35. gxf6 Nxb2 36. Rc1 Rxf6 37. Be4 Rd6 38. Rc3 Nb5 39. Rc2 c3 40. a4 Nxa4 41. Ra1 Nb2 42. Ra5 a6 43. Bb7 Nd1 44. Bxa6 Nd4 45. Bc4+ Kg7 46. Ra7+ Kh6 47. Rc1 c2 48. Bd3 Rf6 49. f4 exf4 50. Bxc2 Nxc2 51. gxf4 Nde3+ 52. Kf3 g5 53. Rh1+ Kg6 54. Rhxh7 Rxf4+ 55. Ke2 Nf5 56. Rhc7 Ncd4+ 57. Kd3 Kh5 58. Rxc5 Kg4 59. Ra4 Rf3+ 60. Ke4 Rf4+ 61. Kd5 Nf3 62. Rxf4+ Kxf4 63. Rc4+ N5d4 64. Rc8 Nf5 65. Ke6 N3d4+ 0-1


[Site "https://www.chess.com"]

[Event "Titled Tuesday Blitz May 9 Late 2023"]
[White "Kuznetsov, Felix"]
[Black "Gritsenko, Nikolai"]
[WhiteFideId "34147990"]
[BlackFideId "14112493"]
[WhiteElo "2281"]
[BlackElo "2389"]
[Result "0-1"]
[Round "08"]
[TimeControl "180+2"]
[Date "2023.05.09"]
[WhiteClock "0:00:01"]
[BlackClock "0:00:17"]

1. e4 d5 2. exd5 Nf6 3. d4 Bg4 4. f3 Bf5 5. g4 Bg6 6. c4 e6 7. Nc3 exd5 8. Qb3 Nbd7 9. g5 Nh5 10. Nxd5 Bd6 11. c5 c6 12. cxd6 cxd5 13. Qe3+ Kf8 14. Bh3 h6 15. gxh6 Qh4+ 16. Qf2 Re8+ 17. Kf1 Bd3+ 18. Kg2 Qd8 19. Bg4 Ndf6 20. d7 Nxd7 21. Bxh5 Nf6 22. Bg4 gxh6 23. Bf4 h5 24. Bh3 Rg8+ 25. Bg3 h4 26. Re1 hxg3 27. hxg3 Nh5 28. Bg4 Nf6 29. Rxe8+ Qxe8 30. Qd2 Nxg4 31. fxg4 Be4+ 32. Nf3 Bxf3+ 33. Kf2 Bxh1 34. Qh6+ Ke7 35. Qxh1 Qc6 36. Qh4+ Qf6+ 0-1


[Site "https://www.chess.com"]

[Event "Titled Tuesday Blitz May 9 Late 2023"]
[White "Amburgy, Ryan"]
[Black "Pakleza, Zbigniew"]
[WhiteFideId "30924820"]
[BlackFideId "1119290"]
[WhiteElo "2134"]
[BlackElo "2410"]
[Result "0-1"]
[Round "08"]
[TimeControl "180+2"]
[Date "2023.05.09"]
[WhiteClock "0:00:11"]
[BlackClock "0:00:02"]

1. d4 d6 2. e4 Nf6 3. Nc3 c6 4. a4 Nbd7 5. Nf3 e5 6. dxe5 dxe5 7. Bc4 Bb4 8. Bd2 O-O 9. O-O Qe7 10. Qe2 a5 11. Rfd1 Nc5 12. Bg5 h6 13. Bxf6 Qxf6 14. Nb1 Ne6 15. Bxe6 Bxe6 16. h3 Rfd8 17. Na3 Rxd1+ 18. Rxd1 Bxa3 19. bxa3 Qe7 20. Qe3 f6 21. Qb6 Kh7 22. Rd3 Ra6 23. Qb2 Qc7 24. Nd2 Ra8 25. f3 h5 26. Kf2 h4 27. Nf1 b5 28. axb5 cxb5 29. Ne3 Rb8 30. Qc3 Qb6 31. Qd2 Rc8 32. Rc3 Rd8 33. Rd3 Rc8 34. Rc3 Rxc3 35. Qxc3 b4 36. axb4 axb4 37. Qd3 Qc5 38. Ke2 Kg6 39. Qa6 Bc8 40. Qd3 Qa5 41. Kf2 Qa2 42. Qc4 Qxc4 43. Nxc4 Be6 44. Na5 Bd7 45. Nb3 Ba4 46. Ke3 Kg5 47. Kd3 Bxb3 48. cxb3 Kf4 49. Kc4 Kg3 50. Kxb4 Kxg2 51. Kc5 Kxh3 52. b4 Kg3 53. b5 h3 54. b6 h2 55. b7 h1=Q 56. b8=Q Qxf3 57. Qg8 Qe3+ 58. Kd6 Qg5 59. Kd5 Kf4 60. Qe6 Qg4 61. Qf7 Qd1+ 62. Ke6 Qb3+ 0-1


[Site "https://www.chess.com"]

[Event "Titled Tuesday Blitz May 9 Late 2023"]
[White "Aydincelebi, Kagan"]
[Black "Rosen, Eric"]
[WhiteFideId "6361102"]
[BlackFideId "2032562"]
[WhiteElo "2180"]
[BlackElo "2331"]
[Result "0-1"]
[Round "08"]
[TimeControl "180+2"]
[Date "2023.05.09"]
[WhiteClock "0:00:18"]
[BlackClock "0:00:10"]

1. e4 c5 2. Nf3 Nc6 3. Bb5 g6 4. O-O Bg7 5. c3 Nf6 6. e5 Nd5 7. d4 cxd4 8. cxd4 O-O 9. Nc3 Nxc3 10. bxc3 d6 11. exd6 Qxd6 12. Re1 Bg4 13. h3 Bxf3 14. Qxf3 Rac8 15. a4 Rfe8 16. Ba3 Qc7 17. Re3 e6 18. Rae1 Red8 19. h4 a6 20. Bd3 h5 21. g4 hxg4 22. Qxg4 Qa5 23. Rxe6 Qxc3 24. Rxg6 Qxe1+ 25. Kg2 fxg6 26. Qxg6 Nb4 27. Bf5 Rc6 28. Qh7+ Kf8 29. Qh5 Rxd4 30. Qg5 Rc1 31. Bg4 Qh1+ 32. Kg3 Rc3+ 33. f3 Qe1+ 34. Kh3 Qh1+ 35. Kg3 Qg1+ 36. Kh3 Rxf3+ 37. Bxf3 Qxg5 38. hxg5 a5 0-1


[Site "https://www.chess.com"]

[Event "Titled Tuesday Blitz May 9 Late 2023"]
[White "Sieciechowicz, Marcin"]
[Black "Manukyan, Sargis A."]
[WhiteFideId "1130170"]
[BlackFideId "13303970"]
[WhiteElo "2302"]
[BlackElo "2187"]
[Result "1-0"]
[Round "08"]
[TimeControl "180+2"]
[Date "2023.05.09"]
[WhiteClock "0:00:56"]
[BlackClock "0:00:13"]

1. d4 d5 2. Bf4 Nf6 3. e3 Bg4 4. Nf3 e6 5. c4 Bd6 6. Bg3 dxc4 7. Bxc4 O-O 8. O-O Bxg3 9. hxg3 Nbd7 10. Nc3 e5 11. dxe5 Bxf3 12. gxf3 Nxe5 13. Be2 Qxd1 14. Rfxd1 Rfd8 15. f4 Ng6 16. Nb5 c6 17. Nd6 Rd7 18. Bf3 Rad8 19. Nxb7 Rxd1+ 20. Rxd1 Rb8 21. Bxc6 Ne7 22. Bf3 Kf8 23. Rd8+ Rxd8 24. Nxd8 Ke8 25. Nc6 Nc8 26. Kf1 Kd7 27. Ne5+ Ke6 28. Ke2 Nb6 29. Nc6 a6 30. Nd4+ Kd7 31. Kd3 g6 32. b3 Kd6 33. a4 Kc5 34. Nc2 a5 35. e4 Ne8 36. Kc3 f6 37. Nd4 Nc7 38. Be2 h6 39. Bc4 Nc8 40. e5 fxe5 41. fxe5 Ne7 42. Ne6+ Kc6 43. Nxc7 Kxc7 44. Kd4 Kc6 45. Bd3 g5 46. Be4+ Kb6 47. f4 gxf4 48. gxf4 Kc7 49. f5 Nc8 50. f6 Kd8 51. e6 Nd6 52. e7+ Kd7 53. Bg6 Ke6 54. e8=Q+ Nxe8 55. Bxe8 Kxf6 56. Kc5 Ke7 57. Bh5 Kd7 58. Bd1 Kc7 59. Kb5 Kb7 60. Kxa5 Ka7 61. Bh5 Kb7 62. Kb5 Ka7 63. a5 Kb7 64. a6+ Ka7 65. Ka5 Kb8 66. Kb6 Ka8 67. Bg4 h5 68. Bh3 h4 69. b4 Kb8 70. a7+ Ka8 71. Bg2# 1-0


[Site "https://www.chess.com"]

[Event "Titled Tuesday Blitz May 9 Late 2023"]
[White "Omranalhosani21"]
[Black "Holt, Conrad"]
[BlackFideId "2034387"]
[WhiteElo "2619"]
[BlackElo "2592"]
[Result "0-1"]
[Round "08"]
[TimeControl "180+2"]
[Date "2023.05.09"]
[WhiteClock "0:00:28"]
[BlackClock "0:01:37"]

1. d4 d5 2. c4 c6 3. Nc3 dxc4 4. e4 b5 5. Nf3 Nf6 6. e5 Nd5 7. Be2 Bf5 8. O-O e6 9. a4 b4 10. Nb1 c3 11. Qb3 cxb2 12. Bxb2 Be7 13. Nbd2 O-O 14. a5 Nd7 15. Rfc1 c5 16. Bc4 Nf4 17. Qe3 Bg5 18. Nxg5 Qxg5 19. Qg3 Ne2+ 20. Bxe2 Qxd2 21. Bf3 Qxb2 22. Bxa8 Rxa8 23. dxc5 Nxc5 24. Qf3 Rf8 25. Rd1 Nb3 26. Ra4 Nd4 27. Qe3 Ne2+ 28. Kh1 Nc3 0-1


[Site "https://www.chess.com"]

[Event "Titled Tuesday Blitz May 9 Late 2023"]
[White "Filgueira, Hernan"]
[Black "Santos Ruiz, Miguel"]
[WhiteFideId "101770"]
[BlackFideId "22291482"]
[WhiteElo "2363"]
[BlackElo "2499"]
[Result "0-1"]
[Round "08"]
[TimeControl "180+2"]
[Date "2023.05.09"]
[WhiteClock "0:00:09"]
[BlackClock "0:00:11"]

1. c4 e5 2. Nc3 Bb4 3. Nd5 a5 4. a3 Be7 5. e3 Nf6 6. Qc2 O-O 7. Nf3 d6 8. Be2 Nxd5 9. cxd5 c6 10. dxc6 Nxc6 11. d4 exd4 12. Nxd4 Nxd4 13. exd4 Be6 14. Bd2 Bd5 15. O-O Qd7 16. a4 Bf6 17. Bc3 Rfe8 18. Rfe1 Qc6 19. Bb5 Rxe1+ 20. Rxe1 Qc7 21. Qf5 Be6 22. Qf4 h6 23. h3 Bd7 24. Bd3 Kf8 25. Bb5 b6 26. Qe4 Rc8 27. Qh7 g6 28. d5 Bxc3 29. bxc3 Qxc3 30. Qxh6+ Kg8 31. Re7 Bxb5 32. axb5 a4 33. Qf4 Qc1+ 34. Qxc1 Rxc1+ 35. Kh2 Rc5 36. Ra7 Rxd5 37. Rxa4 Rxb5 38. Rd4 d5 39. Kg3 Rc5 40. Kf4 f6 41. Ke3 Kf7 42. Rb4 Rc3+ 43. Kd4 Rc2 44. g4 Rxf2 45. Kxd5 Rd2+ 46. Ke4 Rd6 47. h4 Kg7 48. Rc4 Kf7 49. Rc7+ Ke6 50. Rg7 f5+ 51. Ke3 Kf6 52. Rb7 fxg4 53. Kf4 Rd4+ 54. Kg3 Rb4 55. Rc7 b5 56. Rc6+ Kg7 57. Rc7+ Kh6 58. Rb7 g5 59. hxg5+ Kxg5 60. Rb6 Rb3+ 61. Kg2 b4 62. Rb5+ Kf4 63. Rb8 Rb2+ 0-1


[Site "https://www.chess.com"]

[Event "Titled Tuesday Blitz May 9 Late 2023"]
[White "Klukin, Kirill"]
[Black "ATM622"]
[WhiteFideId "24199273"]
[WhiteElo "2344"]
[BlackElo "2596"]
[Result "1-0"]
[Round "08"]
[TimeControl "180+2"]
[Date "2023.05.09"]
[WhiteClock "0:00:05"]
[BlackClock "0:00:00"]

1. f4 d5 2. Nf3 g6 3. g3 Bg7 4. Bg2 Nf6 5. O-O O-O 6. d3 c5 7. Nc3 Nc6 8. e4 dxe4 9. dxe4 e5 10. Qxd8 Rxd8 11. fxe5 Ng4 12. Bg5 Rf8 13. Nd5 Ngxe5 14. Nxe5 Bxe5 15. c3 Be6 16. Rad1 Kg7 17. Be3 b6 18. Rd2 Rad8 19. Rfd1 Bg4 20. Rf1 Be6 21. Bg5 f6 22. Be3 Rd7 23. Nf4 Bxf4 24. Rxd7+ Bxd7 25. gxf4 Be6 26. e5 Ne7 27. exf6+ Kxf6 28. b4 Nf5 29. Bf2 cxb4 30. cxb4 Rd8 31. a4 Rd2 32. Ra1 h5 33. a5 bxa5 34. bxa5 Nd4 35. Be4 Ne2+ 36. Kh1 Nc3 37. Be1 Nxe4 38. Bxd2 Nxd2 39. Rc1 Nc4 40. a6 Kf5 41. Kg1 Kxf4 42. Kf2 Bd5 43. Rb1 g5 44. Rb7 Nd6 45. Rxa7 Ne4+ 46. Kg1 g4 47. Rd7 Nc5 48. Rxd5 Nxa6 49. Rxh5 Nc7 50. Rh6 Nd5 51. Rd6 Ne3 52. Kf2 Nf5 53. Rf6 Kg5 54. Rf8 Kf4 55. Rf7 Kg5 56. Ke2 Kf4 57. Ra7 g3 58. Ra4+ Kg5 59. h3 Nh4 60. Rg4+ Kh5 61. Rxg3 Nf5 62. Rg4 Nh6 63. Re4 Nf5 64. Kf3 Nh4+ 65. Kf4 Ng2+ 66. Kg3 1-0


[Site "https://www.chess.com"]

[Event "Titled Tuesday Blitz May 9 Late 2023"]
[White "Karttunen, Mika"]
[Black "Leiva, Gianmarco"]
[WhiteFideId "502081"]
[BlackFideId "3804399"]
[WhiteElo "2396"]
[BlackElo "2365"]
[Result "1/2-1/2"]
[Round "08"]
[TimeControl "180+2"]
[Date "2023.05.09"]
[WhiteClock "0:00:06"]
[BlackClock "0:00:11"]

1. c4 e6 2. Nc3 d5 3. e3 Nf6 4. Nf3 a6 5. b3 c5 6. cxd5 exd5 7. d4 Nc6 8. Be2 cxd4 9. Nxd4 Bb4 10. Bb2 Qa5 11. Qd3 Ne4 12. Rc1 Qxa2 13. O-O Qxb2 14. Nxe4 Ne5 15. Nf6+ gxf6 16. Rxc8+ Rxc8 17. Qf5 Ke7 18. Qf4 Rhg8 19. Nf5+ Kd7 20. Qxb4 Rc6 21. Qxb7+ Rc7 22. Qxd5+ Ke8 23. Qa8+ Kd7 24. Rd1+ Ke6 25. Qe4 Rd7 26. Nd4+ Rxd4 27. exd4 Rd8 28. dxe5 Rxd1+ 29. Bxd1 fxe5 30. Bg4+ Ke7 31. h3 h5 32. Bf3 a5 33. Qb7+ Kf6 34. Qa6+ Kg7 35. Qxa5 Qc1+ 36. Kh2 Qf4+ 37. Kg1 Qc1+ 38. Kh2 Qf4+ 39. Kg1 Qc1+ 1/2-1/2


[Site "https://www.chess.com"]

[Event "Titled Tuesday Blitz May 9 Late 2023"]
[White "Gonzalez, Francisco Silva"]
[Black "Papasimakopoulos, Alexandros"]
[WhiteFideId "1512285"]
[BlackFideId "4244125"]
[WhiteElo "2074"]
[BlackElo "2359"]
[Result "0-1"]
[Round "08"]
[TimeControl "180+2"]
[Date "2023.05.09"]
[WhiteClock "0:00:00"]
[BlackClock "0:00:56"]

1. d4 Nf6 2. c4 e6 3. Nc3 Bb4 4. a3 Bxc3+ 5. bxc3 O-O 6. e3 d6 7. f3 e5 8. e4 Nc6 9. Be3 b6 10. Bd3 Ba6 11. Nh3 Na5 12. Qe2 Qd7 13. a4 Qc6 14. d5 Qd7 15. g4 c6 16. Nf2 cxd5 17. cxd5 Bxd3 18. Qxd3 Rac8 19. Bg5 Ne8 20. h4 Rc4 21. Qd1 Rxc3 22. Bd2 Rc5 23. Bb4 Rc4 24. Bxa5 bxa5 25. O-O Nc7 26. Qb3 Rb4 27. Qc2 Na6 28. Rfc1 Nc5 29. Nd3 Nxd3 30. Qxd3 Rxa4 31. Qa6 Rxa1 32. Rxa1 h5 33. Qc6 Qxc6 34. dxc6 hxg4 35. Rxa5 Rc8 36. Rxa7 Rxc6 37. fxg4 Rc4 38. Kf2 Rxe4 39. Kf3 Rf4+ 40. Kg3 f6 41. g5 fxg5 42. hxg5 Kh7 43. Rd7 Rd4 44. Kf3 Kg6 45. Ke3 Kxg5 46. Rxg7+ Kf6 47. Rh7 Ke6 48. Rh8 Ra4 49. Re8+ Kd5 50. Rb8 Ra3+ 51. Kd2 e4 52. Rb5+ Kd4 53. Rb4+ Ke5 54. Rb8 d5 55. Rb2 Rh3 56. Rb8 Rh2+ 57. Kc3 d4+ 58. Kb3 d3 59. Re8+ Kd4 60. Rd8+ Ke3 61. Rg8 Rc2 62. Rg3+ Kf4 63. Rh3 Rc8 64. Rh4+ Ke5 65. Rh1 Kd4 66. Kb2 Rc7 67. Rh8 d2 68. Rd8+ Ke3 69. Rh8 Kd3 70. Rh3+ e3 71. Rh7 d1=Q 72. Rxc7 e2 73. Rd7+ Kc4 74. Rd2 Qxd2+ 75. Ka3 Qb4+ 76. Ka2 Kc3 0-1


[Site "https://www.chess.com"]

[Event "Titled Tuesday Blitz May 9 Late 2023"]
[White "Howell, David W L"]
[Black "Erzhanov, Arman"]
[WhiteFideId "410608"]
[BlackFideId "4138821"]
[WhiteElo "2567"]
[BlackElo "2138"]
[Result "0-1"]
[Round "08"]
[TimeControl "180+2"]
[Date "2023.05.09"]
[WhiteClock "0:00:00"]
[BlackClock "0:00:51"]

1. e4 d6 2. c4 c5 3. Ne2 Nf6 4. Nbc3 e5 5. a3 Nc6 6. Rb1 a5 7. g3 g6 8. Bg2 Bg7 9. d3 O-O 10. O-O Bg4 11. h3 Bxe2 12. Nxe2 Nd4 13. Nxd4 cxd4 14. b4 axb4 15. axb4 Ra2 16. f4 Nh5 17. Qf3 exf4 18. gxf4 Qh4 19. Rb2 Rxb2 20. Bxb2 Ra8 21. Qg4 Qg3 22. Qxg3 Nxg3 23. Rf2 Ra4 24. b5 Rb4 25. Kh2 Nh5 26. Ba3 Rb3 27. Bxd6 Rxd3 28. c5 Rb3 29. b6 Bh6 30. e5 Bxf4+ 31. Rxf4 Nxf4 32. Bxb7 d3 33. Bf3 d2 34. Bd1 Rb1 35. b7 Rxb7 36. c6 Rb1 37. c7 Rc1 38. Kg3 Ne6 39. Kf2 Nxc7 40. Ke2 Nb5 41. Kxd2 Ra1 42. Bc5 Ra2+ 43. Kd3 Rh2 44. Bg4 Nc7 45. Ke3 Ne6 46. Be7 Ra2 0-1


[Site "https://www.chess.com"]

[Event "Titled Tuesday Blitz May 9 Late 2023"]
[White "Demchenko, Anton"]
[Black "angelgab3"]
[WhiteFideId "4160258"]
[WhiteElo "2545"]
[BlackElo "2541"]
[Result "1-0"]
[Round "08"]
[TimeControl "180+2"]
[Date "2023.05.09"]
[WhiteClock "0:00:11"]
[BlackClock "0:00:20"]

1. e4 e5 2. Nf3 Nc6 3. Bc4 Bc5 4. d3 Nf6 5. Bg5 h6 6. Bh4 Be7 7. Bg3 d6 8. a4 a5 9. h3 Be6 10. Bxe6 fxe6 11. c3 O-O 12. Nbd2 Kh8 13. O-O Qe8 14. Qb3 Nd8 15. d4 exd4 16. Nxd4 e5 17. Nb5 Rc8 18. Qc2 Nh5 19. Nc4 Qg6 20. Nxa5 b6 21. Nc4 Ne6 22. Ne3 c6 23. Na3 Bg5 24. Nf5 Rcd8 25. Nc4 Bf4 26. Ncxd6 Bxg3 27. fxg3 Nxg3 28. Rf3 Nh5 29. Nc4 Ng5 30. Re3 Nf4 31. Kh2 Nxe4 32. Qxe4 Qxf5 33. Qxf5 Rxf5 34. Rf1 b5 35. axb5 cxb5 36. Nxe5 Kh7 37. Nd3 Nd5 38. Ref3 Rxf3 39. Rxf3 Re8 40. Kg1 Re2 41. Rf2 Re3 42. Nf4 Nxf4 43. Rxf4 Re2 44. Rb4 Re5 45. Kf2 Kg6 46. Kf3 Kf6 47. Rf4+ Kg6 48. Re4 Rd5 49. Ke2 h5 50. Rd4 Re5+ 51. Kf2 Kf5 52. g3 g6 53. h4 Rc5 54. Kf3 Re5 55. Rf4+ Ke6 56. Re4 Kd5 57. Rxe5+ Kxe5 58. b3 Kd5 59. Kf4 Kc5 60. Kg5 Kd5 61. Kxg6 Kc5 62. Kxh5 Kd5 63. Kg5 Kc5 64. h5 Kd5 65. h6 b4 66. cxb4 1-0


[Site "https://www.chess.com"]